Map: Oxide LE

Players

DPGDark (Dark)

  • Race: Zerg Zerg
  • League: Master

Trap - Winner!

  • Race: Protoss Protoss

Event: DreamHack SC2 Masters 2021 Fall

VOD

Have the link to the VOD?

Description

Time

  • Played on: Sept. 11, 2021, 1:48 p.m.
  • Length: 20:14

All games in this series

Show
View Real Time Build Order
Export as new Build Order

DPGDark Zerg 

Build Orders: Hatch First, Roach Hydra 

Get SALT Encoding   

  12  0:00  Drone  
  13  0:12  Overlord  
  13  0:17  Drone  
  14  0:30  Drone x2  
  16  0:36  Drone  
  17  0:47  Drone  
  18  0:57  Drone  
  18  1:00  Hatchery  
  18  1:01  Extractor  
  17  1:13  Spawning Pool  
  17  1:15  Drone  
  17  1:20  Drone  
  18  1:31  Drone  
  19  1:38  Drone  
  20  1:50  Hatchery  
  19  1:55  Drone  
  20  2:02  Metabolic Boost  
  20  2:04  Zergling x2  
  21  2:13  Queen  
  23  2:16  Drone  
  23  2:19  Drone  
  25  2:29  Overlord  
  25  2:30  Drone  
  25  2:32  Drone  
  27  2:38  Drone  
  28  2:46  Queen  
  28  2:50  Drone x2  
  32  2:53  Drone  
  32  2:56  Drone  
  34  3:02  Queen  
  35  3:06  Queen  
  35  3:10  Overlord  
  35  3:11  Zergling x2  
  38  3:13  Zergling x2  
  38  3:15  Drone  
  40  3:20  Drone x2  
  42  3:28  Overlord  
  42  3:29  Drone, Overlord  
  43  3:35  Zergling x2  
  43  3:37  Drone  
  43  3:38  Queen  
  43  3:40  Drone  
  48  3:46  Overlord  
  48  3:47  Drone  
  49  3:49  Spore Crawler  
  49  3:51  Spore Crawler  
  49  3:53  Drone  
  48  3:55  Zergling x2  
  48  3:56  Drone x2  
  48  3:59  Drone x2  
  48  4:01  Drone  
  54  4:07  Drone  
  55  4:10  Drone x3  
  55  4:11  Drone  
  55  4:14  Drone x3  
  55  4:17  Extractor  
  61  4:20  Overlord  
  61  4:21  Drone x2  
  61  4:29  Drone  
  61  4:31  Drone x2  
  64  4:34  Lair  
  64  4:35  Roach Warren  
  64  4:36  Drone x2  
  65  4:40  Drone  
  65  4:41  Drone, Evolution Chamber  
  66  4:48  Extractor  
  66  4:49  Queen  
  66  4:50  Extractor  
  66  4:51  Overlord  
  66  4:54  Zergling x4  
  66  4:55  Zergling x6  
  66  4:58  Drone x2  
  73  5:07  Zerg Missile Weapons Level 1  
  73  5:08  Drone  
  73  5:16  Roach x4  
  73  5:18  Overlord  
  81  5:25  Overlord  
  81  5:28  Queen, Extractor  
  82  5:29  Overlord  
  82  5:32  Extractor, Overlord  
  81  5:37  Roach x4  
  81  5:40  Drone  
  89  5:48  Roach x3  
  89  5:49  Drone x3  
  99  5:50  Drone  
  99  5:51  Drone x2  
  99  5:56  Evolution Chamber  
  99  5:59  Roach x3  
  102  6:09  Drone, Hydralisk Den  
  102  6:10  Drone x4  
  106  6:15  Drone x2  
  106  6:17  Overseer  
  106  6:18  Overlord x3  
  108  6:20  Drone x2  
  109  6:29  Drone x3  
  111  6:33  Glial Reconstitution  
  111  6:39  Grooved Spines  
  111  6:42  Hydralisk x6  
  123  6:48  Hatchery  
  123  6:52  Hydralisk x2  
  126  6:57  Overlord x2  
  124  7:10  Drone x2  
  124  7:12  Overlord x2, Zerg Missile Weapons Level 2  
  126  7:19  Hydralisk x4  
  134  7:25  Hydralisk x3  
  140  7:31  Drone x5  
  140  7:34  Overseer  
  140  7:35  Hydralisk  
  147  7:40  Hydralisk x3  
  147  7:43  Hydralisk  
  155  7:50  Muscular Augments, Roach x3  
  160  7:58  Overlord  
  160  8:02  Overlord  
  160  8:03  Overlord  
  160  8:07  Hydralisk  
  160  8:12  Hatchery  
  161  8:14  Overlord x2  
  161  8:23  Hydralisk x6  
  161  8:25  Roach  
  161  8:26  Roach x2  
  177  8:27  Roach  
  177  8:28  Roach  
  177  8:31  Roach x2  
  177  8:32  Roach  
  183  8:36  Roach x2  
  183  8:39  Roach  
  183  8:40  Roach  
  183  8:41  Roach  
  193  8:42  Roach  
  193  8:44  Roach  
  193  8:46  Roach  
  199  8:56  Infestation Pit  
  199  8:58  Lurker Den, Extractor, Drone x2  
  199  9:01  Roach  
  200  9:23  Roach  
  198  9:28  Roach x9  
  198  9:29  Zerg Ground Armor Level 1, Roach x3  
  198  9:30  Roach  
  190  9:34  Hydralisk  
  170  9:39  Hydralisk x3  
  170  9:40  Hydralisk x3  
  170  9:42  Roach  
  142  9:53  Drone x3  
  142  9:55  Extractor, Hydralisk x3  
  148  10:01  Hydralisk x2  
  148  10:03  Hydralisk x3  
  148  10:04  Hydralisk  
  160  10:10  Hydralisk x2  
  160  10:11  Roach  
  160  10:12  Drone  
  167  10:15  Drone  
  167  10:16  Drone, Hydralisk  
  167  10:19  Hydralisk  
  173  10:23  Hydralisk x2  
  173  10:26  Hydralisk  
  173  10:27  Hydralisk  
  181  10:31  Roach x2  
  181  10:34  Roach x2  
  189  10:36  Hydralisk  
  177  10:45  Hydralisk x2  
  175  10:50  Drone x5  
  166  11:04  Hydralisk x5  
  144  11:07  Hydralisk  
  144  11:08  Hydralisk x2  
  144  11:11  Drone x2, Hive  
  154  11:14  Hydralisk x2  
  160  11:23  Hydralisk  
  160  11:24  Hydralisk x3  
  170  11:25  Roach  
  170  11:30  Roach x3  
  170  11:31  Roach  
  178  11:35  Roach x2  
  182  11:43  Zerg Ground Armor Level 2  
  182  11:47  Overlord x2  
  182  11:49  Hydralisk x2  
  186  12:01  Overseer  
  172  12:04  Hatchery, Hydralisk x4  
  172  12:08  Zergling x8  
  183  12:15  Drone x3  
  186  12:19  Hydralisk x2  
  186  12:21  Roach  
  192  12:25  Adaptive Talons  
  192  12:29  Evolution Chamber  
  191  12:47  Viper x2  
  197  13:03  Extractor  
  193  13:05  Lurker  
  193  13:06  Lurker x2  
  193  13:07  Spore Crawler  
  193  13:08  Extractor, Spore Crawler  
  190  13:14  Hydralisk x4  
  190  13:15  Spore Crawler  
  193  13:22  Seismic Spines  
  193  13:23  Hydralisk x3  
  193  13:27  Hydralisk  
  172  13:30  Hydralisk  
  172  13:33  Hydralisk x2  
  173  13:49  Spore Crawler, Spine Crawler  
  169  13:58  Hydralisk  
  169  13:59  Zerg Missile Weapons Level 3, Hydralisk x6  
  160  14:03  Zergling x14  
  160  14:04  Zergling x36  
  160  14:06  Hydralisk  
  160  14:08  Hydralisk  
  187  14:20  Roach x4  
  163  14:28  Hydralisk  
  163  14:29  Hydralisk x4  
  143  14:34  Hydralisk  
  143  14:35  Hydralisk  
  138  14:46  Hydralisk  
  138  14:47  Hydralisk x2  
  138  14:48  Drone x2  
  134  15:02  Hydralisk x4  
  134  15:04  Drone x2  
  132  15:07  Lurker x2  
  132  15:09  Lurker  
  132  15:10  Lurker  
  132  15:12  Drone  
  137  15:19  Hydralisk x2  
  141  15:24  Drone x3  
  141  15:26  Drone  
  141  15:27  Drone  
  146  15:33  Viper x2  
  152  15:39  Hydralisk x2  
  157  15:42  Lurker  
  157  15:44  Lurker  
  157  15:45  Lurker  
  157  15:57  Hydralisk  
  157  15:58  Hydralisk x3  
  157  16:18  Hydralisk x5  
  157  16:20  Hatchery  
  166  16:32  Lurker x3  
  169  16:33  Hydralisk x3  
  169  16:35  Drone  
  169  16:36  Drone x2  
  178  16:44  Overseer  
  178  16:45  Hydralisk x2  
  182  16:51  Extractor  
  182  16:52  Drone  
  182  16:54  Drone x3  
  185  17:04  Zerg Ground Armor Level 3  
  182  17:15  Hydralisk  
  182  17:16  Hydralisk x4  
  192  17:30  Overseer  
  192  17:32  Pneumatized Carapace  
  192  17:35  Lurker x2  
  192  17:36  Lurker  
  195  17:43  Lurker  
  194  17:50  Drone x2  
  196  17:51  Spore Crawler  
  196  17:57  Spore Crawler  
  196  17:58  Spore Crawler  
  193  17:59  Spore Crawler x2  
  193  18:00  Spore Crawler  
  193  18:01  Hydralisk x5  
  191  18:24  Lurker x4, Hydralisk x4  
  176  18:35  Hydralisk x6  
  157  18:58  Hydralisk x3  
  157  19:00  Hydralisk x8  
  157  19:02  Hydralisk  
  135  19:03  Hydralisk  
  135  19:05  Hydralisk  
  139  19:13  Hydralisk x3  
  126  19:17  Hydralisk  
  126  19:24  Hydralisk x2  
  128  19:28  Hydralisk x2  
  129  19:31  Hydralisk  
  129  19:35  Hydralisk  
  122  19:40  Hydralisk  
  122  19:42  Hydralisk  
  120  19:46  Hydralisk  
Show
View Real Time Build Order
Export as new Build Order

Trap Protoss - Winner!

Build Orders: 1 Gate Expand, Oracle Opening, Carriers 

Get SALT Encoding   

  12  0:00  Probe  
  13  0:14  Pylon  
  13  0:17  Probe (Chrono Boost)  
  14  0:26  Probe (Chrono Boost)  
  15  0:31  Probe (Chrono Boost)  
  16  0:41  Gateway  
  16  0:43  Probe  
  16  0:49  Assimilator  
  17  0:56  Probe  
  18  1:08  Probe  
  19  1:20  Probe  
  19  1:24  Nexus  
  20  1:35  Cybernetics Core  
  20  1:37  Probe  
  21  1:45  Assimilator  
  21  1:49  Probe  
  21  1:53  Pylon  
  22  2:02  Probe (Chrono Boost)  
  23  2:11  Adept  
  23  2:14  Probe (Chrono Boost)  
  26  2:19  Stargate  
  26  2:21  Probe (Chrono Boost)  
  27  2:28  Warp Gate  
  28  2:30  Probe (Chrono Boost)  
  28  2:36  Probe (Chrono Boost)  
  29  2:41  Adept  
  32  2:45  Probe x2 (Chrono Boost)  
  33  2:52  Probe  
  33  2:54  Void Ray (Chrono Boost)  
  33  2:55  Probe  
  35  3:04  Probe  
  40  3:08  Probe  
  40  3:10  Pylon  
  40  3:11  Adept  
  43  3:17  Probe  
  44  3:20  Probe  
  44  3:22  Gateway  
  45  3:29  Oracle (Chrono Boost), Probe  
  45  3:32  Probe  
  50  3:40  Pylon  
  50  3:42  Probe  
  50  3:44  Probe  
  52  3:52  Twilight Council  
  52  4:00  Nexus  
  52  4:09  Gateway  
  52  4:10  Gateway  
  52  4:15  Pylon  
  52  4:19  Adept x2  
  52  4:22  Resonating Glaives (Chrono Boost)  
  52  4:23  Probe x2  
  58  4:33  Pylon  
  58  4:35  Probe x2  
  60  4:40  Adept x2  
  64  4:47  Probe x2  
  66  4:52  Assimilator  
  66  4:53  Assimilator  
  66  4:55  Pylon  
  66  5:02  Protoss Air Weapons Level 1, Probe  
  68  5:07  Adept x3  
  68  5:09  Adept  
  68  5:10  Probe  
  76  5:14  Probe  
  77  5:23  Probe x2  
  77  5:25  Shield Battery  
  77  5:26  Probe  
  80  5:34  Adept x2  
  80  5:35  Adept x2  
  86  5:38  Stargate  
  86  5:41  Probe x3  
  91  5:46  Void Ray (Chrono Boost)  
  95  5:57  Probe x3 (Chrono Boost)  
  94  6:08  Stargate  
  94  6:10  Assimilator x2  
  94  6:11  Probe (Chrono Boost)  
  93  6:16  Probe x2 (Chrono Boost)  
  93  6:19  Probe (Chrono Boost)  
  93  6:20  Void Ray (Chrono Boost)  
  93  6:23  Probe (Chrono Boost)  
  93  6:24  Shield Battery, Probe  
  93  6:25  Probe  
  101  6:38  Pylon  
  101  6:40  Forge  
  101  6:42  Pylon  
  101  6:43  Pylon x2  
  101  6:49  Fleet Beacon  
  101  6:51  Void Ray (Chrono Boost)  
  101  6:56  Probe x3  
  101  6:57  Void Ray (Chrono Boost)  
  101  6:58  Void Ray (Chrono Boost)  
  108  7:07  Robotics Facility  
  112  7:09  Robotics Facility, Probe  
  112  7:13  Shield Battery  
  113  7:18  Charge  
  113  7:20  Protoss Ground Weapons Level 1  
  113  7:24  Gateway  
  113  7:26  Gateway  
  113  7:28  Gateway  
  113  7:29  Shield Battery  
  113  7:30  Pylon  
  113  7:31  Pylon  
  113  7:40  Pylon  
  113  7:46  Fleet Beacon  
  113  7:59  Observer, Immortal  
  113  8:00  Pylon  
  113  8:02  Nexus  
  113  8:04  Robotics Bay  
  118  8:13  Photon Cannon  
  118  8:14  Stalker x3  
  118  8:15  Photon Cannon  
  118  8:18  Photon Cannon  
  119  8:22  Probe x3  
  119  8:24  Zealot  
  119  8:25  Zealot  
  121  8:34  Probe x3  
  121  8:39  Sentry x2  
  125  8:48  Disruptor x2 (Chrono Boost)  
  125  8:50  Pylon  
  125  8:53  Pylon  
  131  8:59  Flux Vanes  
  131  9:06  Zealot  
  131  9:07  Zealot x5  
  131  9:09  Pylon  
  143  9:14  Pylon  
  141  9:19  Disruptor x2 (Chrono Boost)  
  139  9:27  Adept x5  
  139  9:28  Adept x2  
  116  9:45  Disruptor x2 (Chrono Boost)  
  108  9:48  Stalker x3, Zealot  
  108  9:49  Zealot x3  
  117  10:07  Nexus  
  117  10:10  Pylon  
  117  10:12  Disruptor, Observer  
  117  10:13  Protoss Ground Weapons Level 2 (Chrono Boost)  
  121  10:16  Sentry  
  121  10:21  Shield Battery  
  123  10:23  Photon Cannon  
  123  10:24  Photon Cannon  
  121  10:38  Carrier (Chrono Boost)  
  121  10:40  Carrier (Chrono Boost)  
  124  10:56  Stalker x4  
  110  10:57  Zealot  
  110  11:00  Probe x3  
  109  11:17  Probe x3  
  109  11:18  Carrier (Chrono Boost)  
  121  11:37  Carrier (Chrono Boost)  
  130  12:03  Disruptor x2, Carrier (Chrono Boost)  
  136  12:10  Observer  
  136  12:14  Carrier (Chrono Boost)  
  142  12:24  Nexus  
  142  12:36  Disruptor (Chrono Boost)  
  145  12:46  Warp Prism (Chrono Boost)  
  145  12:52  Templar Archives  
  145  12:54  Pylon  
  145  13:05  Zealot x2  
  147  13:06  Carrier (Chrono Boost)  
  147  13:08  Zealot  
  151  13:30  Disruptor x2  
  157  13:40  High Templar  
  157  13:41  High Templar, Zealot x4  
  158  13:45  Archon  
  158  13:47  Shield Battery  
  158  14:05  Disruptor  
  158  14:06  Disruptor  
  158  14:09  Zealot x2  
  168  14:10  Zealot  
  123  14:43  High Templar x4  
  123  14:44  Zealot x3  
  131  14:48  Archon x2  
  131  14:49  Probe x2  
  131  14:50  Probe x2  
  109  15:01  Probe  
  109  15:05  Disruptor x2 (Chrono Boost), Zealot x2  
  109  15:06  Zealot  
  119  15:15  Zealot  
  119  15:18  Carrier (Chrono Boost)  
  127  15:27  High Templar x2, Zealot  
  133  15:31  Assimilator, Archon  
  133  15:33  Assimilator  
  131  15:44  Zealot  
  131  15:47  High Templar x2  
  131  15:48  Zealot x2  
  141  15:52  Archon  
  139  15:58  Observer  
  139  16:03  Carrier (Chrono Boost)  
  141  16:09  Carrier (Chrono Boost)  
  145  16:22  Zealot x2  
  149  16:29  Disruptor (Chrono Boost)  
  149  16:31  Observer (Chrono Boost)  
  149  16:37  Zealot x3  
  155  16:43  Gravitic Boosters  
  155  16:51  Psionic Storm, Carrier (Chrono Boost)  
  161  17:06  Observer  
  159  17:13  High Templar  
  159  17:14  High Templar  
  163  17:25  Photon Cannon  
  163  17:27  Pylon  
  163  17:28  Photon Cannon  
  163  17:29  High Templar  
  165  17:34  Zealot x2  
  163  17:41  Nexus  
  162  17:47  High Templar  
  164  17:58  Zealot x3  
  164  18:05  High Templar x2  
  174  18:25  Observer x2  
  169  18:32  Archon x2  
  160  18:39  Zealot x7  
  154  18:56  Archon  
  154  19:01  Zealot x6  
  154  19:02  Zealot  
  132  19:22  High Templar x3  
  132  19:23  High Templar x2, Zealot  
  132  19:24  Zealot  
  144  19:29  Archon x2  
  136  19:49  Zealot x3  
  136  19:50  Zealot x3  

Tags
 
Add a new tag
Caveats
  • Supply blocks, unpowered buildings, or Contaminate may cause inaccurate times.
  • Supply counts are checked every 10 seconds.